 Dungeon Crawl Stone Soup version 0.28-a0-556-gab23d0e057 (webtiles) character file.

Game seed: 14028664557747268225

65764 robertstho the Eclecticist (level 15, -23/106 HPs)
             Began as a Djinni Fire Elementalist on Sept 28, 2021.
             Was an Initiate of Gozag.
             Annihilated by a boulder beetle (54 damage)
             ... on level 11 of the Dungeon.
             The game lasted 00:50:09 (30748 turns).

robertstho the Eclecticist (DjFE)                  Turns: 30748, Time: 00:50:10

Health: -23/106    AC: 15    Str:  7    XL:     15   Next: 59%
Gold:   3205       EV: 14    Int: 23    God:    Gozag SH:  0 Dex: 14

rFire   + + .      SeeInvis .   C - +2 executioner's axe (flame)
rCold   . . .      Faith    .   (shield currently unavailable)
rNeg    . . .      Spirit   .   A - +2 robe {rC+}
rPois   ∞          Reflect  .   d - +0 helmet
rElec   .          Harm     .   W - +2 cloak
rCorr   +          Rampage  .   c - +2 pair of gloves {Stlth+}
Will    +....                   (boots unavailable)
Stlth   ++++......              (no amulet)
HPRegen 0.27/turn               v - ring of resist corrosion
MPRegen 0.00/turn               G - +4 ring of protection

@: gold aura, flying
A: sickness immunity, fire resistance 2, cold vulnerability 1, float, innate
caster, hp casting, extra vitality 1
a: Renounce Religion, Potion Petition, Call Merchant, Bribe Branch


You were on level 11 of the Dungeon.
You worshipped Gozag.
Gozag was most pleased with you.
You visited 3 branches of the dungeon, and saw 18 of its levels.

You collected 5609 gold pieces.
You spent 1185 gold pieces at shops.
You paid 1219 gold pieces to Gozag.

Inventory:

Hand Weapons
 y - a +0 hand axe of electrocution
 C - a +2 executioner's axe of flaming (weapon)
Missiles
 Z - a throwing net
Armour
 c - a +2 pair of gloves of stealth (worn)
 d - a +0 helmet (worn)
 A - a +2 robe of cold resistance (worn)
 S - a scarf of resistance
 W - a +2 cloak (worn)
Jewellery
 v - a ring of resist corrosion (left hand)
 D - a ring of willpower
 F - a +6 ring of dexterity
 G - a +4 ring of protection (right hand)
 I - the ring "Ligu" {rC+ Will+ Str-5 Dex+6}
   (You found it on level 9 of the Dungeon)

   [ring of willpower]

   Str:       It affects your strength (-5).
   Dex:       It affects your dexterity (+6).
   rC:        It protects you from cold.
   Will:      It increases your willpower.
 J - a ring of fire
 K - a ring of ice
 P - a +6 ring of intelligence
 Q - a +6 ring of strength
 R - a ring of wizardry
 T - a ring of ice
 Y - a +4 ring of evasion
Wands
 a - a wand of flame (41)
 j - a wand of charming (9)
 u - a wand of polymorph (21)
 z - a wand of paralysis (20)
 L - a wand of acid (6)
 N - a wand of digging (16)
Scrolls
 e - 2 scrolls of vulnerability
 f - 3 scrolls of summoning
 g - 5 scrolls of teleportation
 h - 2 scrolls of blinking
 k - 4 scrolls of enchant weapon
 n - 3 scrolls of fog
 q - a scroll of enchant armour
 r - 5 scrolls of immolation
 t - 7 scrolls of magic mapping
 M - a scroll of silence
 O - 3 scrolls of identify
Potions
 b - 2 potions of haste
 i - 3 potions of ambrosia
 l - a potion of mutation
 m - 2 potions of brilliance
 o - 2 potions of berserk rage
 p - a potion of attraction
 s - 3 potions of curing
 w - 2 potions of might
 x - 2 potions of heal wounds
 B - 2 potions of cancellation
 V - 2 potions of lignification
 X - a potion of magic {unknown}
Miscellaneous
 E - a condenser vane
 H - a lightning rod (4/4)
 U - a phantom mirror


   Skills:
 * Level 9.4 Fighting
 + Level 2.3 Axes
 + Level 5.8 Dodging
 + Level 4.8 Stealth
 + Level 0.7 Unarmed Combat
 * Level 18.1 Spellcasting
 + Level 1.1 Evocations


You had 13 spell levels left.
You knew the following spells:

 Your Spells              Type           Power      Damage    Failure   Level
a - Foxfire               Conj/Fire      100%       2x1d9     0%          1
b - Scorch                Fire           100%       2d10      0%          2
c - Conjure Flame         Conj/Fire      81%        6-21      0%          3
d - Inner Flame           Hex/Fire       81%        N/A       0%          3
e - Flame Wave            Conj/Fire      81%        3d14      0%          4
f - Freeze                Ice            100%       1d11      0%          1
g - Static Discharge      Conj/Air       81%        N/A       0%          2
h - Poisonous Vapours     Pois/Air       100%       N/A       0%          2
i - Cause Fear            Hex            40%        N/A       0%          4
j - Animate Armour        Summ/Erth      100%       N/A       0%          4
k - Summon Mana Viper     Hex/Summ       81%        N/A       1%          5
l - Iron Shot             Conj/Erth      40%        9d8       1%          6
Your spell library was empty.

Dungeon Overview and Level Annotations

Branches:
Dungeon (11/15)            Temple (1/1) D:6            Lair (6/6) D:9
 Shoals (0/4) Lair:2        Snake (0/4) Lair:4        Slime (0/5) Lair:6
    Orc: D:9-12

Altars:
Ashenzari
Cheibriados
Dithmenos
Elyvilon
Fedhas
Gozag
Hepliaklqana
Kikubaaqudgha
Makhleb
Nemelex Xobeh
Okawaru
Qazlal
Ru
Sif Muna
Trog
Uskayaw
Vehumet
Wu Jian
Xom
Yredelemnul
Zin
The Shining One
Jiyva

Shops:
D:1 *   D:6 *?*:   Lair:2 ?

Annotations:
D:6 Good shops
Lair:3 2 transporters, Ruicvywi's ghost, journeyman OgTm
Lair:6 1 runed translucent door


Innate Abilities, Weirdness & Mutations

You are immune to sickness and miasma.
You are immune to poison.
Your flesh is very heat resistant. (rF++)
You are vulnerable to cold. (rC-)
You float through the air rather than walking.
You learn spells naturally, not from books.
Your magical power is your life essence.
You have superior vitality. (+4 HP)


Message History

You hear a shout!
The boulder beetle is no longer distracted by gold.
The boulder beetle curls into a ball and begins rolling!
A wave of flame ripples out!
The flame wave engulfs the boulder beetle!
The boulder beetle is heavily wounded.
You hear a roar!
You finish channelling waves of flame.
You hear a bellow!
A seven-headed hydra comes into view.
Casting: Flame Wave (safe; 0% risk of failure)
Confirm with . or Enter, or press ? or * to list all spells.
Aiming: Iron Shot (mildly dangerous; 1% risk of failure)
Press: ? - help, Shift-Dir - straight line, f - seven-headed hydra
Aim: a seven-headed hydra (moderately wounded, 92% to hit)
The iron shot hits the seven-headed hydra!!
The seven-headed hydra is almost dead.
Unknown command.
Casting: Iron Shot (mildly dangerous; 1% risk of failure)
Confirm with . or Enter, or press ? or * to list all spells.
You don't know that spell.
The seven-headed hydra bites you!
The seven-headed hydra closely misses you.
The seven-headed hydra misses you.
The seven-headed hydra bites you but does no damage. x3
The seven-headed hydra bites you!
Unknown command.
Casting: Iron Shot (mildly dangerous; 1% risk of failure)
Confirm with . or Enter, or press ? or * to list all spells.
Aiming: Iron Shot (mildly dangerous; 1% risk of failure)
Press: ? - help, Shift-Dir - straight line, f/p - seven-headed hydra
Aim: a seven-headed hydra (severely wounded, 92% to hit)
The iron shot hits the seven-headed hydra!!!
You kill the seven-headed hydra!
* * * LOW HITPOINT WARNING * * *
A yak comes into view.
The boulder beetle hits you!!!
Ouch! That really hurt!
You die...
Your body crumbles into a pile of gold.

#.. #.. ##
#.. ... ..#
.... ..
.....#○##.#
.....°YB#.#
$ #@#.#
#$#.##
#....#
#....#
#....#
#....#
#$$..####
#........
####....####


You could see a boulder beetle (rolling) and a yak.

Vanquished Creatures
  Gastronok (D:8)
  Josephine (Lair:5)
  9 hydras
  Fannar (Lair:2)
  3 boulder beetles
  A tengu warrior (D:9)
  4 two-headed ogres (D:9)
  6 death yaks
  Sonja (Lair:5)
  Pikel (D:8)
  A deep elf pyromancer (D:9)
  An ugly thing (D:9)
  An oklob plant (Lair:2)
  2 cyclopes
  6 black mambas
  7 elephants
  A torpor snail (Lair:5)
  15 cane toads
  5 rime drakes
  An unseen horror (D:7)
  10 komodo dragons
  A freezing wraith (D:9)
  2 trolls (D:9)
  8 polar bears
  4 hornets
  Grinder (D:6)
  A snapping turtle (Lair:2)
  12 blink frogs
  6 dream sheep (Lair:6)
  12 spriggans (Lair:6)
  A shadow (D:9)
  6 wyverns
  A vampire (D:9)
  Eustachio (D:5)
  66 yaks
  5 steam dragons
  5 wraiths (Lair:5)
  A basilisk (Lair:3)
  3 nagas (Lair:4)
  10 water moccasins
  8 orc warriors
  5 sky beasts
  A necrophage (D:4)
  2 ice beasts
  4 black bears
  6 ogres
  6 centaurs
  28 wolves
  4 boggarts (Lair:6)
  2 lemures (D:8)
  4 kobold brigands
  22 bullfrogs
  A wyvern zombie (D:8)
  3 gnoll sergeants (D:9)
  2 scorpions (D:5)
  A water moccasin skeleton (D:6)
  10 killer bees
  A howler monkey (D:7)
  3 electric eels
  2 bullfrog zombies
  3 centaur zombies
  2 hounds
  8 orc priests
  A centaur skeleton (D:7)
  2 iguanas (D:7)
  19 orc wizards
  4 hell rats (Lair:3)
  A killer bee zombie (D:9)
  2 centaur simulacra (D:9)
  A howler monkey zombie (D:9)
  8 adders
  7 gnolls
  15 river rats (Lair:3)
  An ufetubus (D:6)
  A worm (D:3)
  5 dart slugs
  37 orcs
  18 endoplasms
  3 giant cockroaches
  2 goblins
  7 hobgoblins
  23 kobolds
  9 quokkas
  7 ball pythons
  8 bats
  3 frilled lizards
  16 rats
552 creatures vanquished.

Vanquished Creatures (collateral kills)
  2 death yaks (Lair:4)
  A fire crab (Lair:5)
  A cane toad (Lair:6)
  5 foxfires
9 creatures vanquished.

Vanquished Creatures (others)
  A centaur zombie (D:9)
  1382 foxfires
  19 fungi
  60 plants
1462 creatures vanquished.

Grand Total: 2023 creatures vanquished

Notes
Turn   | Place    | Note
-------+----------+-------------------------------------------
     0 | D:1      | robertstho the Djinni Fire Elementalist began the quest for
                  | the Orb.
     0 | D:1      | Reached XP level 1. HP: 15/15 MP: 0/0
    90 | D:1      | Reached XP level 2. HP: 9/21 MP: 0/0
   500 | D:1      | Reached XP level 3. HP: 21/26 MP: 0/0
   500 | D:1      | Learned a level 1 spell: Freeze
   662 | D:1      | Reached skill level 3 in Spellcasting
  1109 | D:1      | Found a faded altar of an unknown god.
  1508 | D:1      | Found Fausol's Assorted Antiques.
  1807 | D:2      | Reached XP level 4. HP: 25/31 MP: 0/0
  3168 | D:3      | Reached skill level 1 in Fighting
  3174 | D:3      | Reached XP level 5. HP: 29/37 MP: 0/0
  3174 | D:3      | Learned a level 2 spell: Static Discharge
  3263 | D:3      | Found an ornate altar of the Wu Jian Council.
  3286 | D:3      | Reached skill level 4 in Spellcasting
  3812 | D:3      | Found a basalt altar of Yredelemnul.
  4101 | D:3      | Reached XP level 6. HP: 29/42 MP: 0/0
  5301 | D:4      | Noticed a necrophage
  5305 | D:4      | Killed a necrophage
  5306 | D:4      | Reached skill level 5 in Spellcasting
  5306 | D:4      | Reached XP level 7. HP: 44/49 MP: 0/0
  5306 | D:4      | Learned a level 2 spell: Poisonous Vapours
  5819 | D:5      | Entered Level 5 of the Dungeon
  6072 | D:5      | Reached skill level 6 in Spellcasting
  6072 | D:5      | Reached XP level 8. HP: 51/55 MP: 0/0
  6499 | D:5      | Found a hide-covered altar of Uskayaw.
  6560 | D:5      | Found a white marble altar of Elyvilon.
  6618 | D:5      | Reached skill level 7 in Spellcasting
  6951 | D:5      | Noticed Eustachio
  6955 | D:5      | Killed Eustachio
  7088 | D:6      | Found Etiraph's Assorted Antiques.
  7095 | D:6      | Bought a pair of embroidered gloves for 172 gold pieces
  7331 | D:6      | Found a staircase to the Ecumenical Temple.
  7367 | Temple   | Entered the Ecumenical Temple
  7448 | Temple   | Became a worshipper of Gozag Ym Sagoz the Greedy
  7514 | D:6      | Reached XP level 9. HP: 53/61 MP: 0/0
  7514 | D:6      | Learned a level 4 spell: Cause Fear
  7591 | D:6      | Noticed Grinder
  7603 | D:6      | Killed Grinder
  7728 | D:6      | Reached skill level 8 in Spellcasting
  7759 | D:6      | Found Mizaomae's Book Shoppe.
  7913 | D:6      | Found Zeroluqe's Magic Scroll Shoppe.
  7938 | D:6      | Found Ethoss's General Store.
  7940 | D:6      | Bought a scroll of immolation for 45 gold pieces
  7940 | D:6      | Bought a scroll of magic mapping for 45 gold pieces
  7940 | D:6      | Bought a scroll of fog for 26 gold pieces
  7940 | D:6      | Bought a scroll of teleportation for 39 gold pieces
  8039 | D:6      | Noticed a troll
  9028 | D:7      | Reached skill level 9 in Spellcasting
  9062 | D:7      | Reached XP level 10. HP: 60/69 MP: 0/0
  9338 | D:7      | Killed an unseen horror
  9339 | D:7      | Reached skill level 1 in Evocations
  9733 | D:8      | Noticed Gastronok
  9902 | D:8      | Reached skill level 10 in Spellcasting
 10211 | D:8      | Reached skill level 5 in Fighting
 10578 | D:8      | Killed Gastronok
 11028 | D:8      | Reached XP level 11. HP: 65/76 MP: 0/0
 11028 | D:8      | Learned a level 4 spell: Animate Armour
 11203 | D:8      | Noticed Pikel
 11210 | D:8      | Reached skill level 11 in Spellcasting
 11703 | D:9      | Noticed a cyclops
 11716 | D:9      | Killed a cyclops
 11812 | D:10     | Entered Level 10 of the Dungeon
 12369 | D:9      | Noticed a death yak
 12370 | D:9      | Found a staircase to the Lair.
 12371 | D:9      | Noticed a death yak
 12375 | D:9      | Noticed a death yak
 12663 | D:9      | Noticed a skeletal warrior
 13023 | D:9      | Reached skill level 12 in Spellcasting
 13708 | D:11     | Noticed a boulder beetle
 14003 | D:8      | Killed Pikel
 14051 | D:6      | Bought a scroll of identify for 26 gold pieces
 14051 | D:6      | Bought a scroll of identify for 26 gold pieces
 14051 | D:6      | Bought a scroll of identify for 26 gold pieces
 14051 | D:6      | Bought a scroll of teleportation for 39 gold pieces
 14051 | D:6      | Bought a scroll of identify for 26 gold pieces
 14056 | D:6      | Bought a scroll of acquirement for 676 gold pieces
 14057 | D:6      | Acquired a +2 executioner's axe of flaming
 14134 | D:9      | Noticed a tengu warrior
 14179 | D:9      | Noticed a four-headed hydra
 14185 | D:9      | Noticed a two-headed ogre
 14228 | D:9      | Noticed a deep elf pyromancer
 14230 | D:9      | Killed a deep elf pyromancer
 14247 | D:9      | Noticed a two-headed ogre
 14251 | D:9      | Reached XP level 12. HP: 61/83 MP: 0/0
 14252 | D:9      | Noticed a two-headed ogre
 14257 | D:9      | Killed a two-headed ogre
 14569 | D:9      | Killed a tengu warrior
 14570 | D:9      | Reached skill level 13 in Spellcasting
 15010 | D:9      | Killed a two-headed ogre
 15018 | D:9      | Killed a four-headed hydra
 15605 | D:9      | Killed a two-headed ogre
 15738 | D:9      | Identified the ring "Ligu" {rC+ Will+ Str-5 Dex+6}
 15751 | D:9      | Noticed a two-headed ogre
 15791 | D:9      | Noticed a two-headed ogre
 15797 | D:9      | Killed a two-headed ogre
 16270 | Lair:1   | Entered Level 1 of the Lair of Beasts
 16657 | Lair:1   | You are sucked into a shaft and drop 1 floor!
 16687 | Lair:2   | Noticed an eight-headed hydra
 16695 | Lair:2   | Killed an eight-headed hydra
 16696 | Lair:2   | Reached skill level 1 in Axes
 16779 | Lair:2   | Reached skill level 14 in Spellcasting
 16862 | Lair:2   | Noticed a four-headed hydra
 16867 | Lair:2   | Killed a four-headed hydra
 16882 | Lair:2   | Reached XP level 13. HP: 30/90 MP: 0/0
 16882 | Lair:2   | Learned a level 5 spell: Summon Mana Viper
 17201 | Lair:2   | Bought a scroll of identify for 26 gold pieces
 17201 | Lair:2   | Bought a scroll of noise for 13 gold pieces
 17242 | Lair:2   | Noticed a four-headed hydra
 17250 | Lair:2   | Killed a four-headed hydra
 17690 | Lair:2   | Found a staircase to the Shoals.
 17690 | Lair:2   | Noticed Fannar
 19249 | Lair:2   | Killed Fannar
 19530 | Lair:3   | Reached skill level 15 in Spellcasting
 19980 | Lair:3   | Noticed a seven-headed hydra
 19991 | Lair:3   | Killed a seven-headed hydra
 20365 | Lair:3   | Found an opulent altar of Gozag.
 20897 | Lair:3   | Found a bloodstained altar of Trog.
 20897 | Lair:3   | Noticed Ruicvywi's ghost (journeyman OgTm)
 20904 | Lair:3   | Found a transporter.
 20907 | Lair:3   | Found a transporter.
 21899 | Lair:4   | Reached XP level 14. HP: 75/98 MP: 0/0
 22188 | Lair:4   | Found a staircase to the Snake Pit.
 22373 | Lair:4   | Reached skill level 5 in Dodging
 22634 | Lair:4   | Reached skill level 16 in Spellcasting
 23919 | Lair:5   | HP: 2/99 [cloud of flame (15)]
 24289 | Lair:5   | Noticed Josephine
 24297 | Lair:5   | Killed Josephine
 24515 | Lair:5   | Noticed Sonja
 24522 | Lair:5   | Killed Sonja
 25924 | Lair:6   | Entered Level 6 of the Lair of Beasts
 25931 | Lair:6   | Reached skill level 17 in Spellcasting
 26565 | Lair:6   | Reached XP level 15. HP: 27/104 MP: 0/0
 26565 | Lair:6   | Learned a level 6 spell: Iron Shot
 27941 | Lair:5   | Acquired a scarf of resistance
 28972 | Lair:6   | Found a runed translucent door.
 28973 | Lair:6   | Found a viscous altar of Jiyva.
 28975 | Lair:6   | Found a staircase to the Slime Pits.
 30055 | D:9      | Reached skill level 18 in Spellcasting
 30748 | D:11     | Annihilated by a boulder beetle

Illustrated notes

Levels and vault maps discovered:
D:1:      minmay_arrival_hallway, layout_basic, ebering_ecumenical_altar_ruins,
          serial_shops, nicolae_shop_window_shopping
D:2:      minmay_angry_zag, layout_basic, hangedman_glass_teeth
D:3:      layout_loops_ring, pdpol_wu_jian_five_deadly_venoms,
          overflow_temple_1_default
D:4:      layout_basic, kennysheep_pointless_box
D:5:      layout_basic, amcnicky_altar_gilded,
          nicolae_uskayaw_murder_on_the_dancefloor, hangedman_decor_points,
          uniq_eustachio
D:6:      layout_gridville, minmay_temple_entry_mist, serial_shops, shop,
          nicolae_lakefront_shop, shop, nicolae_shop_waterfront, uniq_grinder
D:7:      layout_gridville
D:8:      layout_loops_corners, hangedman_misty_isle, uniq_gastronok, uniq_pikel
D:9:      minmay_the_grid_4x2 [minmay_the_grid_large_cup,
          minmay_the_grid_dragon_b, minmay_the_grid_embedded,
          minmay_the_grid_odd_star, minmay_the_grid_rooms,
          minmay_the_grid_minigrid_small, minmay_the_grid_doors,
          minmay_the_grid_prize_four_corners_diamond_a], layout_stronghold,
          dpeg_lair_monsters, amcnicky_mini_corridor_feature
D:10:     layout_rooms, corexii_corridor_pit
D:11:     layout_basic, david_orc_3, grunt_ministairs_1
Temple:   dpeg_five_rooms_temple
Lair:1:   layout_regular_city, minivault_19, minivault_24, serial_bayou_lake_a
Lair:2:   layout_misc_corridors, minmay_shoals_entry_hut,
          minmay_lair_oklob_items, uniq_fannar
Lair:3:   lemuel_ratsnest, layout_long_grid, basic_altar,
          gammafunk_ghost_wrathful_warriors
Lair:4:   layout_big_grid, guppyfry_snake_entry_garden, lemuel_fruit_tree
Lair:5:   nzn_winding_woodlands_stair_trap [nzn_winding_woodlands_5x15_twine,
          nzn_winding_woodlands_5x15_sawtooth,
          nzn_winding_woodlands_5x15_river_crossing,
          nzn_winding_woodlands_15x15_five_gardens,
          nzn_winding_woodlands_5x15_garden,
          nzn_winding_woodlands_5x15_split_checker,
          nzn_winding_woodlands_5x15_longhouse], layout_gridlike,
          uniq_josephine, uniq_sonja
Lair:6:   minmay_lair_end_enchanted_forest, layout_big_grid, slime_altar_2

Skill      XL: |  1  2  3  4  5  6  7  8  9 10 11 12 13 14 15 |
---------------+----------------------------------------------+-----
Spellcasting   | 3 4 5 6 7 9 10 12 14 15 17 18 | 18.1
Fighting       | 1 2 3 4 5 6 7 8 9 |  9.4
Stealth        | 2 3 4 |  4.8
Evocations     | 1 |  1.1
Dodging        | 3 4 5 |  5.8
Axes           | 1 2 |  2.3
Unarmed Combat | |  0.7

Action                   |  1- 3 |  4- 6 |  7- 9 | 10-12 | 13-15 || total
-------------------------+-------+-------+-------+-------+-------++-------
Melee: Unarmed           |       |     9 |       |       |       ||     9
       Dagger            |       |     1 |       |     1 |       ||     2
       Hand axe          |       |       |       |     2 |       ||     2
       Executioner's axe |       |       |       |    14 |    24 ||    38
 Cast: Foxfire           |    91 |   124 |   123 |   166 |   274 ||   778
       Scorch            |       |    42 |    48 |    83 |   115 ||   288
       Flame Wave        |       |       |     2 |    48 |    78 ||   128
       Poisonous Vapours |       |       |       |     9 |    10 ||    19
       Cause Fear        |       |       |       |    11 |     1 ||    12
       Summon Mana Viper |       |       |       |       |     8 ||     8
       Freeze            |       |       |       |       |     6 ||     6
       Iron Shot         |       |       |       |       |    68 ||    68
Invok: Potion Petition   |       |       |       |     1 |     1 ||     2
       Call Merchant     |       |       |       |       |     1 ||     1
Evoke: Wand              |       |       |     1 |       |     3 ||     4
  Use: Scroll            |       |       |     3 |    14 |     8 ||    25
       Potion            |       |       |       |     2 |     3 ||     5
 Stab: Sleeping          |       |     1 |       |     2 |       ||     3
Armor: Robe              |     3 |     7 |     5 |    56 |    84 ||   155
Dodge: Dodged            |     6 |    29 |    25 |   105 |   150 ||   315

Table legend: (Time is in decaauts)
 A = Elapsed time spent in this place.
 B = Non-inter-level travel time spent in this place.
 C = Inter-level travel time spent in this place.
 D = Time resting spent in this place.
 E = Time spent auto-exploring this place.
 F = Levels seen in this place.
 G = Mean time per level.
                   A        B        C        D        E       F      G
               +--------+--------+--------+--------+--------+-----+--------+
         Total |  30837 |  29677 |   1160 |   6928 |  18948 |  18 | 1713.2 |
       Dungeon |  16681 |  15938 |    743 |   2695 |  11044 |  11 | 1516.5 |
        Temple |    300 |    184 |    116 |      0 |    169 |   1 |  300.0 |
          Lair |  13855 |  13554 |    301 |   4233 |   7735 |   6 | 2309.2 |
               +--------+--------+--------+--------+--------+-----+--------+

Top non-repeatable levels by time:
  Lair:5: 3952 daAuts
     D:9: 2931 daAuts
     D:8: 2636 daAuts
  Lair:6: 2213 daAuts
  Lair:4: 2078 daAuts
  Lair:3: 2041 daAuts
  Lair:1: 1901 daAuts
     D:3: 1710 daAuts
  Lair:2: 1668 daAuts
     D:1: 1632 daAuts
     D:5: 1530 daAuts
    D:10: 1409 daAuts
     D:4: 1276 daAuts
     D:7: 1262 daAuts
     D:2: 1198 daAuts
